 Dungeon Crawl Stone Soup version 0.27-a0-972-gd1521fd518 (webtiles) character file.

Game seed: 4570240109070165512

63 tardwrangler69 the Digger (level 3, -4/26 HPs)
             Began as a Draconian Earth Elementalist on Apr 13, 2021.
             Slain by Crazy Yiuf
             ... wielding a +4 quarterstaff of chaos
              (9 damage)
             ... on level 2 of the Dungeon.
             The game lasted 00:02:01 (4194 turns).

tardwrangler69 the Digger (DrEE)                    Turns: 4194, Time: 00:02:02

Health: -4/26      AC:  5    Str: 10    XL:     3   Next: 87%
Magic:  4/7        EV: 12    Int: 16    God:
Gold:   29         SH:  0    Dex: 11    Spells: 6/7 levels left

rFire    . . .     SeeInvis .   h - +1 dagger (speed)
rCold    . . .     Faith    .   (no shield)
rNeg     . . .     Spirit   .   (armour unavailable)
rPois    .         Reflect  .   (helmet restricted)
rElec    .         Harm     .   (no cloak)
rCorr    .         Rampage  .   (no gloves)
Will     .....                  (no boots)
Stlth    ++........             (no amulet)
HPRegen  0.08/turn              (no ring)
MPRegen  0.10/turn              (no ring)

@: no status effects
A: AC +5, unfitting armour, cold-blooded
a: no special abilities


You were on level 2 of the Dungeon.
You visited 1 branch of the dungeon, and saw 2 of its levels.

You collected 29 gold pieces.

Inventory:

Hand Weapons
 h - a +1 dagger of speed (weapon)
Missiles
 b - 45 stones
Jewellery
 g - a ring of fire
Scrolls
 a - 2 scrolls of teleportation {unknown}
 c - 4 scrolls of identify {unknown}
 d - a scroll of noise {unknown}
 e - a scroll of fog {unknown}
 i - a scroll of enchant armour {unknown}
Potions
 f - a potion of might {unknown}


   Skills:
 - Level 1.7 Dodging
 - Level 1.7 Stealth
 + Level 2.7 Spellcasting
 - Level 1.0 Transmutations
 * Level 4.3 Earth Magic


You had 6 spell levels left.
You knew the following spells:

 Your Spells              Type           Power      Damage    Failure   Level
a - Sandblast             Erth           32%        2d9       3%          1

Your spell library contained the following spells:

 Spells                   Type           Power      Damage    Failure   Level
 Passwall                 Tmut/Erth      8%         N/A       10%         2
 Animate Skeleton         Necr           4%         N/A       19%         1
 Apportation              Tloc           4%         N/A       19%         1
 Corona                   Hex            2%         N/A       19%         1
 Summon Small Mammal      Summ           8%         N/A       19%         1
 Stone Arrow              Conj/Erth      18%        3d8       24%         3
 Petrify                  Tmut/Erth      10%        N/A       54%         4
 Lee's Rapid Deconstruct  Erth           8%         3d8*      65%         5


Dungeon Overview and Level Annotations

Branches:
Dungeon (2/15)

Altars:

Annotations:
D:2 Crazy Yiuf


Innate Abilities, Weirdness & Mutations

Your plain brown scales are hard. (AC +5)
You cannot fit into any form of body armour.
You are cold-blooded and may be slowed by cold attacks.


Message History

Crazy Yiuf shouts!
Crazy Yiuf yells, "Cholesterol return to song canine!"
There is a stone staircase leading up, spattered with blood here.
You see here a +0 dagger.
You see here a +0 dagger.
Key pressed, stopping explore.
There is a stone staircase leading up, spattered with blood here.
You see here a +0 club.
No reachable target in view!
No reachable target in view!
No reachable target in view!
You open the door.
Casting: Sandblast (safe; 3% risk of failure)
Confirm with . or Enter, or press ? or * to list all spells.
Aiming: Sandblast (safe; 3% risk of failure)
Press: ? - help, Shift-Dir - straight line, f - Crazy Yiuf
Aim: Crazy Yiuf, wielding a +4 quarterstaff of chaos and wearing a +0 cloak (18% to evade)
The blast of sand hits Crazy Yiuf.
Crazy Yiuf is moderately wounded.
Crazy Yiuf hits you with a +4 quarterstaff of chaos!
Crazy Yiuf burns you.
Casting: Sandblast (safe; 3% risk of failure)
Confirm with . or Enter, or press ? or * to list all spells.
Aiming: Sandblast (safe; 3% risk of failure)
Press: ? - help, Shift-Dir - straight line, f/p - Crazy Yiuf
Aim: Crazy Yiuf, wielding a +4 quarterstaff of chaos and wearing a +0 cloak (moderately wounded, 18% to evade)
The blast of sand hits Crazy Yiuf!
Crazy Yiuf is severely wounded.
Crazy Yiuf hits you with a +4 quarterstaff of chaos!
* * * LOW HITPOINT WARNING * * *
You resist with some effort.
Casting: Sandblast (safe; 3% risk of failure)
Confirm with . or Enter, or press ? or * to list all spells.
Aiming: Sandblast (safe; 3% risk of failure)
Press: ? - help, Shift-Dir - straight line, f/p - Crazy Yiuf
Aim: Crazy Yiuf, wielding a +4 quarterstaff of chaos and wearing a +0 cloak (severely wounded, 18% to evade)
The blast of sand hits Crazy Yiuf but does no damage.
Crazy Yiuf is severely wounded.
Crazy Yiuf hits you with a +4 quarterstaff of chaos!
You die...

....# ###.##
# #..#
###..#####
#####
.........#
#)..#
####.###†###
#...# ####.#
#...# ...
.....# #..##
#g# .....#
#...# ♣@♣♣
..<..# ##.##
♣♣.♣ .....#
##..# ♣.♣♣
.....# #...#
♣♣.♣ .....#
#.### ♣♣.♣♣
##.### #.#
♣♣...♣ ....#
#.# ♣....♣
##..# #.#
##..##
##..####.#
#....########


You could see Crazy Yiuf.

Vanquished Creatures
  3 worms
  A dart slug (D:2)
  5 bats (D:1)
  7 endoplasms
  5 giant cockroaches
  3 goblins
  8 hobgoblins
  2 jackals (D:1)
  4 kobolds
  A quokka (D:1)
  3 ball pythons
  4 rats
46 creatures vanquished.

Notes
Turn   | Place    | Note
-------+----------+-------------------------------------------
     0 | D:1      | tardwrangler69 the Draconian Earth Elementalist began the
                  | quest for the Orb.
     0 | D:1      | Reached XP level 1. HP: 14/14 MP: 3/3
   746 | D:1      | Reached XP level 2. HP: 14/20 MP: 5/5
  2087 | D:1      | Reached XP level 3. HP: 26/26 MP: 6/6
  2466 | D:2      | Reached skill level 4 in Earth Magic
  4052 | D:2      | Found a runed translucent door.
  4053 | D:2      | Noticed Crazy Yiuf
  4194 | D:2      | Slain by Crazy Yiuf

Illustrated notes

Levels and vault maps discovered:
D:1:      nicolae_arrival_somewhat_less_tricky_arrival, layout_basic
D:2:      layout_loops_cross, uniq_crazy_yiuf_cottage

Skill      XL: |  1  2  3 |
---------------+----------+-----
Earth Magic    | 4 |  4.3
Dodging        | |  1.7
Stealth        | |  1.7
Spellcasting   | |  2.7
Transmutations | |  1.0

Action                   || total
-------------------------++-------
Melee: Unarmed           ||   118
       Tailslap          ||    16
       Dagger            ||    72
 Cast: Sandblast         ||    40
 Stab: Sleeping          ||     8
Armor: Skin              ||    61
Dodge: Dodged            ||   137

Table legend: (Time is in decaauts)
 A = Elapsed time spent in this place.
 B = Non-inter-level travel time spent in this place.
 C = Inter-level travel time spent in this place.
 D = Time resting spent in this place.
 E = Time spent auto-exploring this place.
 F = Levels seen in this place.
 G = Mean time per level.
                   A        B        C        D        E       F      G
               +--------+--------+--------+--------+--------+-----+--------+
         Total |   4190 |   4106 |     84 |    234 |   3446 |   2 | 2095.0 |
       Dungeon |   4190 |   4106 |     84 |    234 |   3446 |   2 | 2095.0 |
               +--------+--------+--------+--------+--------+-----+--------+

Top non-repeatable levels by time:
     D:1: 2932 daAuts
     D:2: 1258 daAuts
